PCL
DISTRICT 9 PRAWNS @ GRESHAM GOLD SOULS
08/15/2030
 
TOP OF THE 1ST
District 9 Prawns batting - Pitching for Gresham Gold Souls : RHP Jesús Gonzáles
Pitching: RHP Jesús Gonzáles
Batting: SHB Júlio Macías 0-0: Ball
1-0: Ball
2-0: Called Strike
2-1: Swinging Strike
2-2: Foul Ball, location: 2F
2-2: SINGLE (Groundball, 25) (infield hit)
Batting: SHB David Boyle 0-0: Ball
1-0: Foul Ball, location: 2F
1-1: Ball
2-1: Ball
3-1: Fly out, F8 (Flyball, 8RM)
Batting: LHB Terry Simpson 0-0: Called Strike
0-1: Ball
1-1: Fly out, F4 (Popup, 4D)
Batting: LHB Mike Davis 0-0: Ball
1-0: Ball
2-0: Called Strike
2-1: Foul Ball, location: 2F
2-2: Ball
3-2: 2-RUN HOME RUN (Flyball, 9D), Distance : 393 ft
Batting: SHB Chris Barrett 0-0: Called Strike
0-1: Fly out, F8 (Flyball, 8LXD)
Top of the 1st over - 2 runs, 2 hits, 0 errors, 0 left on base; District 9 2 - Gresham 0
BOTTOM OF THE 1ST
Gresham Gold Souls batting - Pitching for District 9 Prawns : RHP Víctor Ventura
Pitching: RHP Víctor Ventura
Batting: LHB Joel Nelson 0-0: SINGLE (Groundball, 34D)
Batting: RHB Jared Thompson 0-0: Called Strike
0-1: Ball
1-1: Ball
2-1: Fly out, F6 (Line Drive, 6)
Batting: RHB Peter Hensley 0-0: Foul Ball, location: 2F
0-1: Ball
1-1: SINGLE (Groundball, 4MD)
Joel Nelson to second
Runner from 2nd tries for 3rd, SAFE, no throw
Batting: LHB Jeff Forsyth 0-0: Ball
1-0: Called Strike
1-1: Ball
2-1: 3-RUN HOME RUN (Flyball, 7LD), Distance : 344 ft
Batting: RHB Norm Francis 0-0: Called Strike
0-1: Called Strike
0-2: Foul Ball, location: 2F
0-2: Ball
1-2: Ball
2-2: SOLO HOME RUN (Line Drive, 89D), Distance : 422 ft
Batting: RHB Armando Solís 0-0: Ball
1-0: Swinging Strike
1-1: Called Strike
1-2: Foul Ball, location: 2F
1-2: Ball
2-2: Foul Ball, location: 2F
2-2: Ball
3-2: Base on Balls
Batting: LHB Caleb Hall 0-0: Ball
1-0: Called Strike
1-1: Foul Ball, location: 2F
1-2: Foul Ball, location: 2F
1-2: Fly out, F4 (Popup, 4)
Batting: RHB Jesús Gutiérrez 0-0: Foul Ball, location: 2F
0-1: DOUBLE (Line Drive, 7LM)
Armando Solís to third
Batting: LHB Héctor Cruz 0-0: Ground out U3 (Groundball, 3S)
Bottom of the 1st over - 4 runs, 5 hits, 0 errors, 2 left on base; District 9 2 - Gresham 4
TOP OF THE 2ND
District 9 Prawns batting - Pitching for Gresham Gold Souls : RHP Jesús Gonzáles
Batting: LHB Manuel Cardenas 0-0: Foul Ball, location: 2F
0-1: Foul Ball, location: 2F
0-2: Ball
1-2: Strikes out looking
Batting: RHB José Colón 0-0: Called Strike
0-1: Ball
1-1: Ball
2-1: Fly out, F5 (Line Drive, 5)
Batting: RHB Edgardo Carrasco 0-0: Ground out 6-3 (Groundball, 6)
Top of the 2nd over - 0 runs, 0 hits, 0 errors, 0 left on base; District 9 2 - Gresham 4
BOTTOM OF THE 2ND
Gresham Gold Souls batting - Pitching for District 9 Prawns : RHP Víctor Ventura
Batting: LHB Joel Nelson 0-0: Ball
1-0: Ball
2-0: Called Strike
2-1: Foul Ball, location: 2F
2-2: Foul Ball, location: 2F
2-2: Ball
3-2: Foul Ball, location: 2F
3-2: Base on Balls
Batting: RHB Jared Thompson 0-0: Called Strike
0-1: Ball
Wild Pitch!
Joel Nelson to second
1-1: Ball
2-1: SINGLE (Line Drive, 7S)
Joel Nelson to third
Runner from 3rd tries for Home, SAFE, no throw
Batting: RHB Peter Hensley 0-0: Ball
1-0: Called Strike
1-1: Called Strike
1-2: Foul Ball, location: 2F
1-2: Strikes out looking
Jared Thompson steals 2nd base
Batter strikes out.
Batting: LHB Jeff Forsyth 0-0: Ball
Jared Thompson steals 3rd base
1-0: Called Strike
1-1: Foul Ball, location: 2F
1-2: Foul Ball, location: 2F
1-2: Foul Ball, location: 2F
1-2: Foul Ball, location: 2F
1-2: SINGLE (Line Drive, 9LM)
Jared Thompson scores
Batting: RHB Norm Francis 0-0: Called Strike
0-1: Ball
1-1: Called Strike
1-2: Grounds into double play, 6-4-3 (Groundball, 6)
Bottom of the 2nd over - 2 runs, 2 hits, 0 errors, 0 left on base; District 9 2 - Gresham 6
TOP OF THE 3RD
District 9 Prawns batting - Pitching for Gresham Gold Souls : RHP Jesús Gonzáles
Batting: RHB Bernardo Corona 0-0: Swinging Strike
0-1: Called Strike
0-2: Foul Ball, location: 2F
0-2: Ground out 6-3 (Groundball, 6)
Batting: SHB Júlio Macías 0-0: Ball
1-0: Called Strike
1-1: Ball
2-1: Swinging Strike
2-2: Strikes out swinging
Batting: SHB David Boyle 0-0: Ball
1-0: Foul Ball, location: 2F
1-1: Ball
2-1: Foul Ball, location: 2F
2-2: SINGLE (Flyball, 7LM)
Batting: LHB Terry Simpson 0-0: Ball
1-0: Foul Ball, location: 2F
1-1: Foul Ball, location: 2F
1-2: Ball
2-2: Foul Ball, location: 2F
2-2: Foul Ball, location: 2F
2-2: Ball
3-2: Foul Ball, location: 2F
3-2: Base on Balls
David Boyle to second
Batting: LHB Mike Davis 0-0: Ball
1-0: Ball
2-0: Ball
3-0: Called Strike
3-1: Base on Balls
David Boyle to third
Terry Simpson to second
Batting: SHB Chris Barrett 0-0: Ball
1-0: Ball
2-0: Foul Ball, location: 2F
2-1: Ball
3-1: Called Strike
3-2: Base on Balls
David Boyle scores
Terry Simpson to third
Mike Davis to second
Batting: LHB Manuel Cardenas 0-0: Called Strike
0-1: Fly out, F9 (Flyball, 9D)
Top of the 3rd over - 1 run, 1 hit, 0 errors, 3 left on base; District 9 3 - Gresham 6
BOTTOM OF THE 3RD
Gresham Gold Souls batting - Pitching for District 9 Prawns : RHP Víctor Ventura
Batting: RHB Armando Solís 0-0: Called Strike
0-1: Called Strike
0-2: SOLO HOME RUN (Flyball, 7LD), Distance : 342 ft
Batting: LHB Caleb Hall 0-0: Called Strike
0-1: Swinging Strike
0-2: Ball
1-2: Foul Ball, location: 2F
1-2: Foul Ball, location: 2F
1-2: Foul Ball, location: 2F
1-2: Foul Ball, location: 2F
1-2: Foul Ball, location: 2F
1-2: Fly out, F7 (Flyball, 78S)
Batting: RHB Jesús Gutiérrez 0-0: Fly out, F5 (Line Drive, 5)
Batting: LHB Héctor Cruz 0-0: Ball
1-0: Foul Ball, location: 2F
1-1: Ball
2-1: Ball
3-1: Ground out U3 (Groundball, 3)
Bottom of the 3rd over - 1 run, 1 hit, 0 errors, 0 left on base; District 9 3 - Gresham 7
TOP OF THE 4TH
District 9 Prawns batting - Pitching for Gresham Gold Souls : RHP Jesús Gonzáles
Batting: RHB José Colón 0-0: Called Strike
0-1: Ball
1-1: SOLO HOME RUN (Line Drive, 7LD), Distance : 364 ft
Batting: RHB Edgardo Carrasco 0-0: Foul Ball, location: 2F
0-1: Called Strike
0-2: Foul Ball, location: 2F
0-2: SINGLE (Groundball, 6MD)
Batting: RHB Bernardo Corona 0-0: Called Strike
0-1: Ball
1-1: Ball
2-1: Fly out, F7 (Flyball, 78M)
Batting: SHB Júlio Macías 0-0: Ball
1-0: Foul Ball, location: 2F
1-1: SINGLE (Groundball, 4D)
Edgardo Carrasco to second
Batting: SHB David Boyle 0-0: Foul Ball, location: 2F
0-1: Foul Ball, location: 2F
0-2: Ball
1-2: Ball
2-2: Ball
3-2: Fielders Choice at 2nd, 5-4 (Groundball, 5)
Edgardo Carrasco to third
Batting: LHB Terry Simpson 0-0: Called Strike
0-1: Called Strike
0-2: Foul Ball, location: 2F
0-2: Ball
1-2: Ball
2-2: SINGLE (Line Drive, 9S)
Edgardo Carrasco scores
David Boyle to second
Batting: LHB Mike Davis 0-0: Called Strike
0-1: Fly out, F7 (Flyball, 78S)
Top of the 4th over - 2 runs, 4 hits, 0 errors, 2 left on base; District 9 5 - Gresham 7
BOTTOM OF THE 4TH
Gresham Gold Souls batting - Pitching for District 9 Prawns : RHP Víctor Ventura
Batting: LHB Joel Nelson 0-0: Foul Ball, location: 2F
0-1: Foul Ball, location: 2F
0-2: Ground out 5-3 (Groundball, 56)
Batting: RHB Jared Thompson 0-0: Ball
1-0: Called Strike
1-1: Called Strike
1-2: SINGLE (Line Drive, 6MD)
Batting: RHB Peter Hensley 0-0: Called Strike
0-1: Called Strike
0-2: Strikes out swinging
Batting: LHB Jeff Forsyth 0-0: Ball
1-0: Ball
2-0: Ball
3-0: Base on Balls
Jared Thompson to second
Batting: RHB Norm Francis 0-0: Called Strike
0-1: Foul Ball, location: 2F
0-2: Foul Ball, location: 2F
0-2: Ball
1-2: Ball
2-2: Fly out, F9 (Line Drive, 89D)
Bottom of the 4th over - 0 runs, 1 hit, 0 errors, 2 left on base; District 9 5 - Gresham 7
TOP OF THE 5TH
District 9 Prawns batting - Pitching for Gresham Gold Souls : RHP Jesús Gonzáles
Pitching: RHP Mario Navarro
Batting: SHB Chris Barrett 0-0: Ball
1-0: Ball
2-0: SINGLE (Groundball, 6D)
Batting: LHB Manuel Cardenas 0-0: Called Strike
0-1: Ball
1-1: Ball
2-1: Swinging Strike
2-2: Foul Ball, location: 2F
2-2: Strikes out swinging
Batting: RHB José Colón 0-0: Ball
1-0: Ground out 4-3 (Groundball, 4)
Chris Barrett to second
Batting: RHB Edgardo Carrasco 0-0: Ball
1-0: Called Strike
1-1: Ball
2-1: Ball
3-1: Called Strike
3-2: Base on Balls
Batting: RHB Bernardo Corona 0-0: Ball
1-0: Foul Ball, location: 2F
1-1: Fly out, F7 (Line Drive, 7D)
Top of the 5th over - 0 runs, 1 hit, 0 errors, 2 left on base; District 9 5 - Gresham 7
BOTTOM OF THE 5TH
Gresham Gold Souls batting - Pitching for District 9 Prawns : RHP Víctor Ventura
Pitching: LHP Ricardo Vega
Batting: RHB Armando Solís 0-0: Ball
1-0: Ground out 5-3 (Groundball, 56)
Batting: LHB Caleb Hall 0-0: Foul Ball, location: 2F
0-1: Swinging Strike
0-2: Ground out 1-3 (Groundball, 13)
Batting: RHB Jesús Gutiérrez 0-0: Called Strike
0-1: Ball
1-1: SINGLE (Groundball, 4D)
Batting: LHB Héctor Cruz 0-0: Ball
1-0: Called Strike
1-1: Called Strike
1-2: Ball
2-2: SINGLE (Groundball, 4D)
Jesús Gutiérrez to second
Runner from 2nd tries for 3rd, SAFE, no throw
Batting: LHB Joel Nelson 0-0: Swinging Strike
0-1: Foul Ball, location: 2F
0-2: Ball
1-2: Ball
2-2: Strikes out swinging
Bottom of the 5th over - 0 runs, 2 hits, 0 errors, 2 left on base; District 9 5 - Gresham 7
TOP OF THE 6TH
District 9 Prawns batting - Pitching for Gresham Gold Souls : RHP Mario Navarro
Batting: SHB Júlio Macías 0-0: Ball
1-0: Called Strike
1-1: Called Strike
1-2: Foul Ball, location: 2F
1-2: Ball
2-2: Foul Ball, location: 2F
2-2: Ball
3-2: Ground out 4-3 (Groundball, 4S)
Batting: SHB David Boyle 0-0: Ball
1-0: Swinging Strike
1-1: Called Strike
1-2: Ball
2-2: Ball
3-2: Base on Balls
Batting: LHB Terry Simpson 0-0: Ball
1-0: Ball
2-0: Ball
3-0: Called Strike
3-1: Foul Ball, location: 2F
3-2: Base on Balls
David Boyle to second
Batting: LHB Mike Davis 0-0: Foul Ball, location: 2F
0-1: Ball
1-1: Foul Ball, location: 2F
1-2: Strikes out swinging
Batting: SHB Chris Barrett 0-0: Called Strike
0-1: Ball
1-1: Swinging Strike
1-2: Strikes out swinging
Top of the 6th over - 0 runs, 0 hits, 0 errors, 2 left on base; District 9 5 - Gresham 7
BOTTOM OF THE 6TH
Gresham Gold Souls batting - Pitching for District 9 Prawns : LHP Ricardo Vega
Batting: RHB Jared Thompson 0-0: Ball
1-0: Called Strike
1-1: Ball
2-1: Foul Ball, location: 2F
2-2: Strikes out swinging
Batting: RHB Peter Hensley 0-0: Ball
1-0: Ball
2-0: Foul Ball, location: 2F
2-1: DOUBLE (Line Drive, 78D)
Batting: LHB Jeff Forsyth 0-0: Ground out 6-3 (Groundball, 56)
Batting: RHB Norm Francis 0-0: Called Strike
0-1: Ball
1-1: Foul Ball, location: 2F
1-2: Ball
2-2: SINGLE (Groundball, 6MD)
Peter Hensley to third
Runner from 3rd tries for Home, SAFE, no throw
Batting: RHB Armando Solís 0-0: Foul Ball, location: 2F
0-1: Ball
1-1: Swinging Strike
1-2: Fly out, F7 (Line Drive, 78M)
Bottom of the 6th over - 1 run, 2 hits, 0 errors, 1 left on base; District 9 5 - Gresham 8
TOP OF THE 7TH
District 9 Prawns batting - Pitching for Gresham Gold Souls : RHP Mario Navarro
Now in CF: Gustavo Pagán
Batting: LHB Manuel Cardenas 0-0: Ball
1-0: Called Strike
1-1: Ground out U3 (Groundball, 3L)
Batting: RHB José Colón 0-0: Ball
1-0: Ball
2-0: Called Strike
2-1: Foul Ball, location: 2F
2-2: SINGLE (Groundball, 56D)
Batting: RHB Edgardo Carrasco 0-0: Ball
1-0: Ball
2-0: Ball
3-0: Called Strike
3-1: Base on Balls
José Colón to second
Pitching: RHP Jeff Hansen
Batting: RHB Bernardo Corona 0-0: Foul Ball, location: 2F
0-1: Foul Ball, location: 2F
0-2: Ball
1-2: DOUBLE (Flyball, 8RD)
José Colón scores
Edgardo Carrasco to third
Runner from 3rd tries for Home, SAFE, no throw
Batting: SHB Júlio Macías 0-0: Called Strike
0-1: Called Strike
0-2: Foul Ball, location: 2F
0-2: Strikes out looking
Batting: SHB David Boyle 0-0: Called Strike
0-1: Swinging Strike
0-2: Foul Ball, location: 2F
0-2: Foul Ball, location: 2F
0-2: Ball
1-2: Strikes out swinging
Top of the 7th over - 2 runs, 2 hits, 0 errors, 1 left on base; District 9 7 - Gresham 8
BOTTOM OF THE 7TH
Gresham Gold Souls batting - Pitching for District 9 Prawns : LHP Ricardo Vega
Batting: LHB Caleb Hall 0-0: Called Strike
0-1: Called Strike
0-2: Strikes out swinging
Batting: RHB Jesús Gutiérrez 0-0: Ball
1-0: Ball
2-0: Ball
3-0: Called Strike
3-1: Fly out, F9 (Flyball, 9LM)
Batting: LHB Héctor Cruz 0-0: Ball
1-0: Foul Ball, location: 2F
1-1: Foul Ball, location: 2F
1-2: Ball
2-2: Ground out 3-1 (Groundball, 34)
Bottom of the 7th over - 0 runs, 0 hits, 0 errors, 0 left on base; District 9 7 - Gresham 8
TOP OF THE 8TH
District 9 Prawns batting - Pitching for Gresham Gold Souls : RHP Jeff Hansen
Now at 2B: Augusto Baiano
Batting: LHB Terry Simpson 0-0: Ball
1-0: Ball
2-0: SINGLE (Groundball, 6MD)
Pitching: RHP Eusébio Lagarto
Pinch Runner at 1st Jimmy King:
Batting: LHB Mike Davis 0-0: Ball
1-0: Called Strike
1-1: Ball
2-1: Foul Ball, location: 2F
2-2: Ball
3-2: Strikes out swinging
Batting: SHB Chris Barrett 0-0: Swinging Strike
0-1: Swinging Strike
0-2: Ball
1-2: Ball
2-2: SINGLE (Line Drive, 9LM)
Jimmy King to second
Batting: LHB Manuel Cardenas 0-0: Called Strike
0-1: Foul Ball, location: 2F
0-2: Ball
1-2: Foul Ball, location: 2F
1-2: Ball
2-2: Strikes out swinging
Batting: RHB José Colón 0-0: Called Strike
0-1: Ball
1-1: Ball
2-1: Called Strike
2-2: Foul Ball, location: 2F
2-2: Ball
3-2: Strikes out swinging
Top of the 8th over - 0 runs, 2 hits, 0 errors, 2 left on base; District 9 7 - Gresham 8
BOTTOM OF THE 8TH
Gresham Gold Souls batting - Pitching for District 9 Prawns : LHP Ricardo Vega
Now in LF: Jimmy King
Batting: LHB Joel Nelson 0-0: SINGLE (Groundball, 34D)
Batting: RHB Augusto Baiano 0-0: Sac Bunt - play at first, batter OUT! 2-4
Joel Nelson to second
Batting: RHB Gustavo Pagán 0-0: Ground out 5-3 (Groundball, 5S)
Joel Nelson to third
Batting: LHB Jeff Forsyth 0-0: Ball
1-0: Foul Ball, location: 2F
1-1: Ball
2-1: Ball
3-1: Ground out 4-3 (Groundball, 4)
Bottom of the 8th over - 0 runs, 1 hit, 0 errors, 1 left on base; District 9 7 - Gresham 8
TOP OF THE 9TH
District 9 Prawns batting - Pitching for Gresham Gold Souls : RHP Eusébio Lagarto
Pitching: RHP Taylor Bowen
Batting: RHB Edgardo Carrasco 0-0: Called Strike
0-1: Ground out 6-3 (Groundball, 6)
Pinch Hitting: LHB Jeff Thompson 0-0: Called Strike
0-1: Ball
1-1: Ball
2-1: Ground out 6-3 (Groundball, 6)
Batting: SHB Júlio Macías 0-0: Swinging Strike
0-1: Foul Ball, location: 2F
0-2: Fly out, F8 (Flyball, 8LM)
Top of the 9th over - 0 runs, 0 hits, 0 errors, 0 left on base; District 9 7 - Gresham 8
Saturday, April 7th, 2018 - OOTP Baseball 18.8 Build 76